 Dungeon Crawl Stone Soup version 0.22-a0-363-g29407c6 (webtiles) character file.

56 JeffiDaFish the Digger (level 3, 0/19 HPs)
             Began as a Gargoyle Earth Elementalist on Apr 21, 2018.
             Slain by a gnoll
             ... wielding a +0 flail
              (4 damage)
             ... on level 2 of the Dungeon.
             The game lasted 00:02:41 (1225 turns).

JeffiDaFish the Digger (GrEE)                       Turns: 1225, Time: 00:02:42

Health: 0/19       AC:  6    Str: 11    XL:     3   Next: 97%
Magic:  10/16      EV: 12    Int: 16    God:
Gold:   32         SH:  0    Dex: 10    Spells: 6/7 levels left

rFire    . . .     SeeInvis .   e - +0 whip
rCold    . . .     Gourm    .   (no shield)
rNeg     + . .     Faith    .   c - +0 robe
rPois    ∞         Spirit   .   (no helmet)
rElec    +         Reflect  .   (no cloak)
rCorr    .         Harm     .   (no gloves)
MR       .....                  i - +0 pair of boots
Stlth    ++........             (no amulet)
HPRegen  0.06/turn              g - ring of magical power
MPRegen  0.15/turn              (no ring)

@: no status effects
A: negative energy resistance 1, electricity resistance, unbreathing,
petrification resistance, rot immunity, AC +3
a: no special abilities


You were on level 2 of the Dungeon.
You were not hungry.

You visited 1 branch of the dungeon, and saw 2 of its levels.

You collected 32 gold pieces.

Inventory:

Hand Weapons
 e - a +0 whip (weapon)
 f - a +1 vampiric short sword
Missiles
 b - 5 stones (quivered)
Armour
 c - a +0 robe (worn)
 i - a +0 pair of boots (worn)
Jewellery
 g - a ring of magical power (left hand)
Scrolls
 a - 2 scrolls of fog
 h - 2 scrolls of identify
Comestibles
 d - 4 rations
 j - a chunk of flesh


   Skills:
 - Level 2.0 Dodging
 - Level 2.4 Stealth
 + Level 2.7 Spellcasting
   Level 0.7 Transmutations
 + Level 4.6 Earth Magic


You had 6 spell levels left.
You knew the following spells:

 Your Spells              Type           Power        Failure   Level  Hunger
a - Sandblast             Erth           ###...       3%          1    #......


Dungeon Overview and Level Annotations

Branches:
Dungeon (2/15)

Altars:


Innate Abilities, Weirdness & Mutations

You are resistant to torment.
Your stone body is resilient. (AC +3)
You are immune to poison.
You resist negative energy. (rN+)
You are resistant to electric shocks. (rElec)
You can survive without breathing.
You are immune to petrification.
You are immune to rotting.


Message History

Unknown command.
Casting: Sandblast (safe; 3% risk of failure)
Confirm with . or Enter, or press ? or * to list all spells.
Aiming: Sandblast (safe; 3% risk of failure)
Press: ? - help, Shift-Dir - straight line, f - gnoll
Aim: a gnoll, wielding a flail (heavily wounded)
The blast of sand hits the gnoll.
The gnoll is almost dead.
b - 6 stones The gnoll hits you with a flail.
* * * LOW HITPOINT WARNING * * *
Casting: Sandblast (safe; 3% risk of failure)
Confirm with . or Enter, or press ? or * to list all spells.
Aiming: Sandblast (safe; 3% risk of failure)
Press: ? - help, Shift-Dir - straight line, f/p - gnoll
Aim: a gnoll, wielding a flail (almost dead)
The blast of sand misses the gnoll.
b - 5 stones The gnoll hits you with a flail.
You die...

.# . .. .#.
.#.### ....#
## #.#.# ..
#.#.###.#
#!...@g.#
##..#####
#.####...####
..........>.+
######...####
###..# #....#
#.###.#
#.#..)# +#


You could see a gnoll.

Vanquished Creatures
  2 gnolls (D:2)
  A leopard gecko (D:1)
  A ball python (D:1)
  3 bats (D:1)
  3 giant cockroaches
  4 goblins
  7 hobgoblins (D:1)
  3 frilled lizards (D:1)
  2 kobolds (D:1)
  9 rats (D:1)
35 creatures vanquished.

Notes
Turn   | Place    | Note
-------+----------+-------------------------------------------
     0 | D:1      | JeffiDaFish the Gargoyle Earth Elementalist began the quest for the Orb.
     0 | D:1      | Reached XP level 1. HP: 10/10 MP: 3/3
    93 | D:1      | Reached skill level 4 in Earth Magic
   123 | D:1      | Reached XP level 2. HP: 5/15 MP: 0/5
   612 | D:1      | Reached XP level 3. HP: 13/19 MP: 3/6
  1225 | D:2      | Slain by a gnoll

Vault maps used:
D:1:      minmay_arrival_jagged, interstate_on_off
D:2:      nicolae_ru_path_of_blood, minivault_5

Skill      XL: |  1  2  3 |
---------------+----------+-----
Earth Magic    | 4 |  4.6
Dodging        | 2 |  2.0
Stealth        | |  2.4
Spellcasting   | |  2.7
Transmutations | |  0.7

Action                   || total
-------------------------++-------
Melee: Whip              ||    90
 Cast: Sandblast         ||    26
  Use: Scroll            ||     5
       Potion            ||     3
 Stab: Sleeping          ||     2
  Eat: Chunk             ||     1
Armor: Robe              ||    41
Dodge: Dodged            ||    80

Table legend:
 A = Spawn XP
 B = Non-spawn XP
 C = Spawn XP percentage of total XP
 D = Spawn monster count
 E = Non-spawn monster count
 F = Spawn count percentage of total count
 G = Total turns spent on level
                    A         B        C        D         E        F      G
               +---------+---------+-------+---------+---------+-------+---------
         Total |       0 |      81 |   0.0 |       0 |      35 |   0.0 |  1225
               +---------+---------+-------+---------+---------+-------+---------
           D:1 |       0 |      49 |   0.0 |       0 |      31 |   0.0 |  1167
           D:2 |       0 |      32 |   0.0 |       0 |       4 |   0.0 |    58
               +---------+---------+-------+---------+---------+-------+---------
